 Dungeon Crawl Stone Soup version 0.19.0-1-g5985abe (webtiles) character file.

727 varam the Cleaver (level 7, 0/58 HPs)
             Began as a Hill Orc Monk on Nov 2, 2016.
             Slain by Grinder (2 damage)
             ... on level 4 of the Dungeon.
             The game lasted 00:08:59 (4627 turns).

varam the Cleaver (Hill Orc Monk)                   Turns: 4627, Time: 00:09:00

Health: 0/58       AC:  7    Str: 14    XL:     7   Next: 72%
Magic:  7/7        EV: 11    Int: 10    God:
Gold:   180        SH:  0    Dex: 15    Spells: 0 memorised, 6 levels left

rFire  + . .     SeeInvis .     a - +0 hand axe
rCold  . . .     Gourm    .     l - +2 ring mail {rF+}
rNeg   . . .     Faith    .     (no shield)
rPois  .         Spirit   .     (no helmet)
rElec  .         Reflect  .     (no cloak)
rCorr  .         Harm     .     (no gloves)
MR     .....                    (no boots)
Stlth  +.........               (no amulet)
                                (no ring)
                                (no ring)

@: no status effects
A: no striking features
a: no special abilities


You were on level 4 of the Dungeon.
You were hungry.

You visited 1 branch of the dungeon, and saw 6 of its levels.

You collected 180 gold pieces.

Inventory:

Hand Weapons
 a - a +0 hand axe (weapon)
 r - a +1 flail of draining
Armour
 l - a +2 ring mail of fire resistance (worn)
Wands
 o - a wand of slowing (10/48)
Scrolls
 e - a scroll of blinking {unknown}
 f - a scroll of amnesia {unknown}
 g - 4 scrolls of identify
 j - 3 scrolls of teleportation
 m - a scroll of fear {unknown}
 n - 3 scrolls of remove curse
 q - 3 scrolls of magic mapping {unknown}
 s - a scroll of noise {unknown}
 t - a scroll of random uselessness {unknown}
Potions
 b - 2 potions of brilliance {unknown}
 d - 4 potions of curing {unknown}
 h - a potion of lignification {unknown}
 p - 2 potions of ambrosia {unknown}
 u - a potion of beneficial mutation {unknown}
 v - 2 potions of might {unknown}
 x - a potion of magic {unknown}
Comestibles
 c - 6 bread rations
 w - a meat ration


   Skills:
 + Level 3.7 Fighting
 + Level 11.2 Axes
 + Level 0.4 Armour
 + Level 2.4 Dodging
 - Level 1.5 Stealth


You had 6 spell levels left.
You didn't know any spells.

Dungeon Overview and Level Annotations

Branches:
Dungeon (6/15)
 Temple: D:4-7

Altars:
Hepliaklqana
Xom

Annotations:
D:4 Grinder; bworf's ghost, novice HaSk


Message History

You hit Grinder.
Grinder is severely wounded.
Grinder misses you.
You barely miss Grinder.
Grinder is severely wounded.
Grinder closely misses you.
You barely miss Grinder.
Grinder is severely wounded.
You hit Grinder but do no damage.
Grinder is severely wounded.
Grinder gestures at you. Pain shoots through your body!
* * * LOW HITPOINT WARNING * * *
You closely miss Grinder.
Grinder is severely wounded.
Grinder barely misses you.
You hit Grinder.
Grinder is severely wounded.
Grinder hits you.
You die...

#...####.....###.#############
#...# #......# #.####........#
....# #.....## #...##........#
....# #.....######.##........#
....####....#....#.##........#
.......#.##.#.##)..##........##
....##.#.##....###.##........)#
.........##.#................<#
##.......##..<..@5..........(.#
##..)..................)......#
.#.......##..............(.####
.#####...###############.#### #
.# #.### ....#.# #. . .# #.#
#####.#.#.###. . .# #.#
###.......#(.##.###. ##
#.###### ............##....#
###......#.##.......##.###.#.#


You could see Grinder.

Vanquished Creatures
  Sigmund (D:4)
  A water moccasin (D:5)
  Edmund (D:5)
  Blork the orc (D:5)
  An iguana (D:5)
  A worker ant (D:4)
  Natasha (thrice) (D:2)
  9 adders
  A shadow imp (D:5)
  An ooze (D:5)
  A worm (D:2)
  3 dart slugs
  A leopard gecko (D:1)
  4 orcs
  5 giant cockroaches
  6 goblins
  6 hobgoblins
  4 jackals (D:1)
  11 kobolds
  3 quokkas
  3 ball pythons
  9 bats
  4 frilled lizards
  A jackal skeleton (D:5)
  4 rats
85 creatures vanquished.

Notes
Turn   | Place    | Note
-------+----------+-------------------------------------------
     0 | D:1      | varam the Hill Orc Monk began the quest for the Orb.
     0 | D:1      | Reached XP level 1. HP: 19/19 MP: 1/1
   135 | D:1      | Reached XP level 2. HP: 15/26 MP: 2/2
   352 | D:1      | Reached skill level 5 in Axes
   663 | D:1      | Reached XP level 3. HP: 31/31 MP: 3/3
  1230 | D:2      | Noticed Natasha
  1259 | D:2      | Killed Natasha
  1259 | D:2      | Reached skill level 6 in Axes
  1259 | D:2      | Reached XP level 4. HP: 14/39 MP: 4/4
  1632 | D:2      | Noticed Natasha
  1647 | D:2      | Killed Natasha
  1687 | D:2      | Noticed Natasha
  1726 | D:2      | Killed Natasha
  1726 | D:2      | Reached skill level 7 in Axes
  1726 | D:2      | Reached XP level 5. HP: 38/45 MP: 5/5
  1852 | D:2      | Found a shimmering altar of Xom.
  2144 | D:2      | Found a hazy altar of Hepliaklqana.
  2144 | D:2      | Found a faded altar of an unknown god.
  2163 | D:2      | Found a faded altar of an unknown god.
  2165 | D:2      | Found a faded altar of an unknown god.
  2167 | D:2      | Found a faded altar of an unknown god.
  2274 | D:3      | Reached skill level 8 in Axes
  2703 | D:3      | Found a faded altar of an unknown god.
  3159 | D:4      | Noticed Sigmund
  3174 | D:4      | Reached XP level 6. HP: 12/51 MP: 6/6
  3174 | D:4      | HP: 3/51 [something (10)]
  3188 | D:4      | Killed Sigmund
  3188 | D:4      | Reached skill level 9 in Axes
  3320 | D:4      | Noticed bworf's ghost (novice HaSk)
  3411 | D:4      | Noticed Grinder
  3502 | D:5      | Entered Level 5 of the Dungeon
  3508 | D:5      | Noticed Blork the orc
  3515 | D:5      | Killed Blork the orc
  3515 | D:5      | Reached skill level 10 in Axes
  3515 | D:5      | Reached XP level 7. HP: 42/57 MP: 7/7
  3666 | D:5      | Noticed Edmund
  3725 | D:5      | Killed Edmund
  4165 | D:5      | Reached skill level 11 in Axes
  4590 | D:4      | Paralysed by Grinder for 3 turns
  4606 | D:4      | Paralysed by Grinder for 4 turns
  4625 | D:4      | HP: 2/58 [Grinder/nerve-wracking pain (9)]
  4627 | D:4      | Slain by Grinder

Skill      XL: |  1  2  3  4  5  6  7 |
---------------+----------------------+-----
Axes           | 5 6 7 8 10 11 | 11.2
Fighting       | |  3.7
Armour         | |  0.4
Dodging        | |  2.4
Stealth        | |  1.5

Action                   |  1- 3 |  4- 6 |  7- 9 || total
-------------------------+-------+-------+-------++-------
Melee: Hand axe          |   113 |   119 |    53 ||   285
       Flail             |       |    50 |    14 ||    64
Throw: Javelin           |       |       |     5 ||     5
  Use: Potion            |       |     1 |       ||     1
       Scroll            |       |       |     3 ||     3
 Stab: Sleeping          |     2 |     3 |       ||     5
       Distracted        |       |     1 |       ||     1
  Eat: Chunk             |     1 |     8 |     1 ||    10
       Beef jerky        |       |       |     1 ||     1
Armor: Ring mail         |    40 |    44 |    11 ||    95
Dodge: Dodged            |    59 |    88 |    23 ||   170
